 Dungeon Crawl Stone Soup version 0.30-a0-738-g116ff8c4af (webtiles) character file.

Game seed: 3145918060141267441

160 hikkokomori the Sneak (level 5, -2/32 HPs)
             Began as a Kobold Brigand on Feb 4, 2023.
             Slain by Grinder (9 damage)
             ... on level 3 of the Dungeon.
             The game lasted 00:04:19 (2322 turns).

hikkokomori the Sneak (Kobold Brigand)              Turns: 2322, Time: 00:04:20

Health: -2/32      AC:  5    Str:  9    XL:     5   Next: 69%
Magic:  5/5        EV: 15    Int: 12    God:
Gold:   101        SH:  0    Dex: 18    Spells: 4/4 levels left

rFire   . . .      SeeInvis .    h - +0 dagger (drain)
rCold   . . .      Faith    .    (no shield)
rNeg    . . .      Spirit   .    b - +0 robe
rPois   .          Reflect  .    g - +0 helmet
rElec   .          Harm     .    c - +0 cloak
rCorr   +          Rampage  .    u - +0 pair of gloves
Will    +....                    (no boots)
Stlth   ++++                     (no amulet)
HPRegen 0.25/turn                k - ring of resist corrosion
MPRegen 0.09/turn                q - ring of willpower

@: no status effects
A: small, no large weapons, nightstalker 3
a: no special abilities


You were on level 3 of the Dungeon.
You visited 1 branch of the dungeon, and saw 3 of its levels.

You collected 149 gold pieces.
You spent 48 gold pieces at shops.

Inventory:

Hand Weapons
 a - a +2 dagger
 h - a +0 dagger of draining (weapon)
 v - a +3 dagger of protection
Missiles
 d - 8 poisoned darts (quivered)
Armour
 b - a +0 robe (worn)
 c - a +0 cloak (worn)
 g - a +0 helmet (worn)
 u - a +0 pair of gloves (worn)
Jewellery
 k - a ring of resist corrosion (left hand)
 q - a ring of willpower (right hand)
Scrolls
 j - 3 scrolls of identify
 l - a scroll of immolation {unknown}
 s - a scroll of acquirement {unknown}
Potions
 f - a potion of mutation {unknown}
 i - a potion of brilliance
 o - a potion of curing
 p - a potion of cancellation {unknown}
 r - a potion of magic {unknown}
 t - a potion of attraction {unknown}


   Skills:
 + Level 3.5 Fighting
 + Level 4.1 Short Blades
 - Level 2.4 Throwing
 + Level 3.1 Dodging
 + Level 6.4 Stealth


You had 4 spell levels left.
You didn't know any spells.
Your spell library contained the following spells:

 Spells                   Type           Power      Damage    Failure   Level
 Magic Dart               Conj           0%         1d3       32%         1
 Call Imp                 Summ           0%         N/A       45%         2
 Mephitic Cloud           Conj/Pois/Air  0%         N/A       69%         3
 Cause Fear               Hex            0%         N/A       97%         4
 Dragon Form              Tmut           0%         N/A       100%        7
 Dragon's Call            Summ           0%         N/A       100%        9


Dungeon Overview and Level Annotations

Branches:
Dungeon (3/15)

Altars:

Shops:
D:1 *(

Annotations:
D:3 Grinder


Innate Abilities, Weirdness & Mutations

You are small and have problems with some larger weapons.
You are completely attuned to the shadows.


Message History

A dart slug comes into view.
The air fills with toxic fumes!
As you read the scroll labelled IDYIRENEMP, it crumbles to dust.
It was a scroll of poison.
It was a potion of curing.
You feel better.
Throw: dart (curare)
Press: ? - help, Shift-Dir - straight line, f/p - Grinder
Aim: Grinder (poison gas, lightly wounded, 60% to hit)
You throw a curare-tipped dart. The curare-tipped dart hits Grinder.
Grinder is lightly wounded.
Grinder gestures at you. Pain shoots through your body!
* * * LOW HITPOINT WARNING * * *
You aren't carrying any items that you can evoke.
Throw: 9 darts (poison)
Press: ? - help, Shift-Dir - straight line, f/p - Grinder
Aim: Grinder (poison gas, lightly wounded, 60% to hit)
You throw a poisoned dart. The poisoned dart hits Grinder!
Grinder is lightly wounded.
You hit Grinder.
Grinder is lightly wounded.
Grinder gestures at you. You resist with almost no effort.
You barely miss Grinder.
Grinder is lightly wounded.
Grinder gestures at you. You resist with almost no effort.
You hit Grinder.
Grinder is lightly wounded.
You hit Grinder but do no damage.
Grinder is lightly wounded.
Grinder closely misses you.
You hit Grinder.
Grinder is moderately wounded.
Grinder gestures at you. You resist with some effort.
You hit Grinder but do no damage.
Grinder is lightly wounded.
Grinder hits you!
You die...

....#. ....#. ...#.
## ###########.#.
§§§#####○............
§§○§@5§§○#########.#.
§☼§####§§...# #.#. ##
#.....# #.#. #..5..#
#.#. #...... #+#+
#(..... .... #.....#
.... #.....# ....
#w....# ....


You could see Grinder.

Vanquished Creatures
  Jessica (D:2)
  Robin (D:3)
  5 adders
  2 worms (D:2)
  4 dart slugs
  6 ball pythons
  7 endoplasms
  A giant cockroach (D:1)
  16 goblins
  8 hobgoblins
  2 quokkas (D:2)
  2 bats
  2 frilled lizards (D:1)
  5 kobolds
  2 rats
64 creatures vanquished.

Notes
Turn   | Place    | Note
-------+----------+-------------------------------------------
     0 | D:1      | hikkokomori the Kobold Brigand began the quest for the Orb.
     0 | D:1      | Reached XP level 1. HP: 12/12 MP: 1/1
    93 | D:1      | Reached XP level 2. HP: 18/18 MP: 2/2
   194 | D:1      | Found Lechozu's Assorted Antiques.
   204 | D:1      | Bought a scroll labelled PATUTR CEIBBU for 24 gold pieces
   204 | D:1      | Bought a scroll labelled RYRIZO HITRURATOM for 24 gold
                  | pieces
   410 | D:1      | Found Ynogh's Magic Scroll Shop.
   483 | D:1      | Reached XP level 3. HP: 22/22 MP: 3/3
   661 | D:1      | Found Rotoxas's Weapon Shoppe.
   688 | D:1      | Found a faded altar of an unknown god.
  1624 | D:2      | Reached XP level 4. HP: 27/27 MP: 4/4
  1749 | D:2      | Reached skill level 6 in Stealth
  1856 | D:2      | Noticed Jessica
  1860 | D:2      | Killed Jessica
  1861 | D:2      | Reached XP level 5. HP: 32/32 MP: 5/5
  2153 | D:3      | Noticed Robin
  2172 | D:3      | Killed Robin
  2296 | D:3      | Noticed Grinder
  2322 | D:3      | Slain by Grinder

Illustrated notes

Levels and vault maps discovered:
D:1:      erik_arrival_cave_to_civilisation [erik_arrival_cave_to_hall],
          layout_basic, hellmonk_ecumenical_altar_inner_sanctum, serial_shops,
          shop, shop_statue, nicolae_shop_trees
D:2:      minmay_chambers_of_twos, layout_loops_corners, uniq_jessica
D:3:      layout_basic, ebering_ghost_reflecting_pool, fountainhead,
          uniq_grinder, uniq_robin, uniq_natasha

Skill      XL: |  1  2  3  4  5 |
---------------+----------------+-----
Short Blades   | 3 4 |  4.1
Dodging        | 2 3 |  3.1
Fighting       | 3 |  3.5
Stealth        | 6 |  6.4
Throwing       | |  2.4

Action                     |  1- 3 |  4- 6 || total
---------------------------+-------+-------++-------
  Melee: Dagger            |    60 |   103 ||   163
         Punch             |       |     1 ||     1
  Throw: Dart              |       |     5 ||     5
         Boomerang         |       |     3 ||     3
    Use: Scroll            |     3 |     1 ||     4
         Potion            |       |     1 ||     1
   Stab: Sleeping          |    20 |    10 ||    30
 Armour: Robe              |     6 |    27 ||    33
  Dodge: Dodged            |    15 |    55 ||    70

Table legend: (Time is in decaauts)
 A = Elapsed time spent in this place.
 B = Non-inter-level travel time spent in this place.
 C = Inter-level travel time spent in this place.
 D = Time resting spent in this place.
 E = Time spent auto-exploring this place.
 F = Levels seen in this place.
 G = Mean time per level.
                   A        B        C        D        E       F      G
               +--------+--------+--------+--------+--------+-----+--------+
         Total |   2291 |   2168 |    123 |      0 |   1780 |   3 |  763.7 |
       Dungeon |   2291 |   2168 |    123 |      0 |   1780 |   3 |  763.7 |
               +--------+--------+--------+--------+--------+-----+--------+

Top non-repeatable levels by time:
     D:2: 1162 daAuts
     D:1: 870 daAuts
     D:3: 259 daAuts
